 Dungeon Sprint DCSS version 0.21.0-24-g2553a33 (webtiles) character file.

3308 letownia2 the Grappler (level 9, -8/91 (93) HPs)
             Began as a Troll Wizard on Jan 20, 2018.
             Was an Initiate of Gozag.
             Mangled by a death drake (9 damage)
             ... in the Dungeon (Sprint II: "The Violet Keep of Menkaure").
             The game lasted 00:08:51 (875 turns).

letownia2 the Grappler (Troll Wizard)                Turns: 875, Time: 00:08:52

HP:   -8/91 (93)    AC:  5    Str: 17      XL:     9   Next: 70%
MP:   15/16         EV: 12    Int: 15 (17) God:    Gozag
Gold: 1596          SH:  0    Dex: 12 (15) Spells: 10/19 levels left

rFire    + . .     SeeInvis .     - Unarmed
rCold    + . .     Gourm    +   (no shield)
rNeg     . . .     Faith    .   a - +0 robe
rPois    .         Spirit   .   b - +0 hat
rElec    .         Reflect  .   (no cloak)
rCorr    .         Harm     .   (gloves unavailable)
MR       +....     NoTele   +   (boots unavailable)
Stlth    ++........             (no amulet)
HPRegen  0.65/turn              l - ring of Pimeilel {rF+ rC+ MR+ Dex+7}
MPRegen  0.15/turn              (no ring)

@: lethally poisoned (-8 -> -29), slowed, very slow
A: large, unfitting armour, claws 3, deterioration 1, fast metabolism 3,
gourmand, regeneration 1, shaggy fur 1, tough skin 2
a: Potion Petition, Call Merchant, Bribe Branch, Renounce Religion


You were in the Dungeon.
You worshipped Gozag.
Gozag was most pleased with you.
You were not hungry.

You visited 1 branch You collected 3132 gold pieces.
You spent 819 gold pieces at shops.
You paid 717 gold pieces to Gozag.

Inventory:

Armour
 a - a +0 robe (worn)
 b - a +0 hat (worn)
Jewellery
 l - the ring of Pimeilel (left claw) {rF+ rC+ MR+ Dex+7}
   (You bought it in a shop in the Dungeon)

   [ring of protection from magic]

   It affects your dexterity (+7).
   It protects you from fire.
   It protects you from cold.
   It affects your resistance to hostile enchantments.
Scrolls
 j - a scroll of blinking
Potions
 f - a potion of heal wounds
 g - a potion of haste
 h - 2 potions of magic
 i - a potion of lignification
 k - a potion of berserk rage
Books
 c - a book of Minor Magic

   Spells                             Type                      Level
   a - Magic Dart                     Conjuration                  1
   b - Blink                          Translocation                2
   c - Call Imp                       Summoning                    2
   d - Slow                           Hexes                        2
   e - Conjure Flame                  Conjuration/Fire             3
   f - Mephitic Cloud                 Conjuration/Poison/Air       3


   Skills:
 + Level 7.6 Fighting
 - Level 6.2 Dodging
 - Level 1.0 Stealth
 + Level 14.5 Unarmed Combat
 - Level 5.7 Spellcasting
 - Level 4.3 Conjurations
   Level 0.6 Summonings
 - Level 2.6 Translocations
 - Level 2.3 Fire Magic
 - Level 2.1 Air Magic
 - Level 2.4 Poison Magic


You had 10 spell levels left.
You knew the following spells:

 Your Spells              Type           Power        Failure   Level  Hunger
a - Magic Dart            Conj           ###.         2%          1    None
b - Blink                 Tloc           N/A          8%          2    #......
c - Conjure Flame         Conj/Fire      ##......     12%         3    ###....
e - Mephitic Cloud        Conj/Pois/Air  ##......     14%         3    ###....


Dungeon Overview and Level Annotations

Branches:
Dungeon (1/1)

Altars:
Cheibriados
Dithmenos
Elyvilon
Fedhas
Gozag
Hepliaklqana
Kikubaaqudgha
Makhleb
Nemelex Xobeh
Okawaru
Qazlal
Ru
Sif Muna
Trog
Uskayaw
Vehumet
Wu Jian
Xom
Yredelemnul
Zin
The Shining One
Beogh
Jiyva
Lugonu

Shops:
D :[(!}!%!=[[=?((::

Annotations:
D exclusion: oklob plant


Innate Abilities, Weirdness & Mutations

You are too large for most types of armour.
You have claws for hands.
Your metabolism is lightning-fast.
You like to eat raw meat.
Your natural rate of healing is unusually fast.
You are covered in fur. (AC +1)
You have very tough skin. (AC +2)
Your body sometimes deteriorates upon taking damage.


Message History

Unknown command.
You enter the shallow water.
Moving in this stuff is going to be slow.
You feel sick. The death drake bites you!
The death drake breathes miasma at you. The foul vapour engulfs you!
You are more poisoned.
You feel yourself slow down.
* * * LOW HITPOINT WARNING * * *
Unknown command.
You are engulfed in dark miasma.
You are lethally poisoned!
You feel your flesh rotting away!
* * * LOW HITPOINT WARNING * * *
You feel less confused.
* * * LOW HITPOINT WARNING * * *
You feel extremely sick. The death drake bites you!
You die...
Your body crumbles into a pile of gold.

##'##..# $ #. k #...##.####$
+.##. )▓()))(!?(▓▓$ ..#..#....#
...####▓??)$$$$?▓▓ #.#.####..##
#..##.#▓$$!)?![$▓▓ ##'###.##..#
+..#..#▓%)??$%$[▓▓ ##.##...#..#
$#..#..#▓![!$![)$▓▓
'∩<.'##.'..####..##.#▓))(!??$?▓▓
##.##.###....###...##▓▓▓▓▓▓▓+▓▓▓▓
##'###.##.§..§§k@≈≈≈≈≈≈≈≈≈≈§...X≈
#.#.####≈≈§§§.§§#'########'###.≈≈
..#..#≈§≈≈≈≈≈.§§#(._._._.#§§≈##
#.#.##≈≈≈≈≈§§§§§#._._._..#§§≈≈##
##'##≈≈≈≈≈≈§§§§§#_._._._.#≈≈≈≈§#
≈≈≈≈≈≈≈≈≈§≈§§§§≈#._._._._#§§≈§§§#
++#+++#≈≈§≈≈≈≈≈≈#.._._._.#≈§§§§§+
≈≈≈§§≈##§≈≈###≈≈#..._._._#§§≈§§§
§≈≈§≈≈≈##≈≈# #≈≈#...._._.#≈§§≈≈≈


You could see a death drake.

Vanquished Creatures
  A death drake (D)
  A yaktaur (D)
  2 polar bears (D)
  A hornet (D)
  2 tyrant leeches (D)
  4 neqoxecs (D)
  Menkaure (D)
  A swamp drake (D)
  4 necrophages (D)
  2 crocodiles (D)
  A scorpion (D)
  4 lava snakes (D)
  3 worms (D)
27 creatures vanquished.

Vanquished Creatures (others)
  A polar bear (D)
  A crocodile (D)
  12 tentacles (D)
14 creatures vanquished.

Grand Total: 41 creatures vanquished

Notes
Turn   | Place    | Note
-------+----------+-------------------------------------------
     0 | D        | letownia2 the Troll Wizard began the quest for the Orb.
     0 | D        | Reached XP level 1. HP: 16/16 MP: 2/2
     1 | D        | Noticed a necrophage
     1 | D        | Noticed a necrophage
     1 | D        | Noticed a necrophage
     1 | D        | Noticed a necrophage
     6 | D        | Killed a necrophage
     6 | D        | Reached skill level 6 in Unarmed Combat
     6 | D        | Reached XP level 2. HP: 32/32 MP: 4/4
     6 | D        | Reached XP level 3. HP: 39/39 MP: 5/5
     6 | D        | Reached XP level 4. HP: 48/48 MP: 6/6
     8 | D        | Killed a necrophage
     8 | D        | Reached skill level 8 in Unarmed Combat
     8 | D        | Reached XP level 5. HP: 54/54 MP: 7/7
    12 | D        | Killed a necrophage
    12 | D        | Reached skill level 9 in Unarmed Combat
    15 | D        | Killed a necrophage
    15 | D        | Reached skill level 10 in Unarmed Combat
    15 | D        | Reached XP level 6. HP: 62/62 MP: 8/8
    23 | D        | Learned a level 2 spell: Blink
    27 | D        | Learned a level 3 spell: Conjure Flame
    31 | D        | Learned a level 3 spell: Mephitic Cloud
    49 | D        | Noticed an obsidian statue
    50 | D        | Noticed Menkaure
    53 | D        | Killed Menkaure
    53 | D        | Reached skill level 1 in Translocations
    53 | D        | Reached skill level 1 in Fire Magic
    53 | D        | Reached skill level 1 in Air Magic
    53 | D        | Reached skill level 1 in Poison Magic
    56 | D        | Found Lewoj's Weapon Shop.
    56 | D        | Found Guizyan's Antique Weapon Boutique.
    56 | D        | Found Koigots's Book Shop.
    57 | D        | Found Daoqaqaiw's Antique Armour Shop.
    57 | D        | Found Uxaoclog's Jewellery Shop.
    57 | D        | Found Yshaic's Magic Scroll Boutique.
    58 | D        | Found Jipreuma's Distillery.
    58 | D        | Found Ofurag's Food Boutique.
    58 | D        | Found Qahioqe's Jewellery Boutique.
    58 | D        | Found Fopsir's Antique Armour Shop.
    60 | D        | Found Xuitircha's Gadget Shop.
    60 | D        | Found Tatitsy's Distillery.
    60 | D        | Found Seaniz's Distillery.
    61 | D        | Found Texzi's Antique Weapon Shop.
    61 | D        | Found Xeakhenom's Antique Armour Boutique.
    64 | D        | Noticed an oklob plant
    65 | D        | Found Ceosatzo's Book Shoppe.
    66 | D        | Noticed a death yak
    71 | D        | Noticed a manticore
    71 | D        | Noticed a manticore
    72 | D        | Bought a potion of lignification for 30 gold pieces
    76 | D        | Bought a potion of lignification for 30 gold pieces
    83 | D        | Bought a potion of lignification for 42 gold pieces
    86 | D        | Bought a potion of berserk rage for 50 gold pieces
   109 | D        | Found a roughly hewn altar of Beogh.
   110 | D        | Found a hazy altar of Hepliaklqana.
   110 | D        | Found a snail-covered altar of Cheibriados.
   111 | D        | Found a stormy altar of Qazlal.
   111 | D        | Found a viscous altar of Jiyva.
   111 | D        | Found a shadowy altar of Dithmenos.
   112 | D        | Found a sacrificial altar of Ru.
   112 | D        | Found an ancient bone altar of Kikubaaqudgha.
   112 | D        | Found a white marble altar of Elyvilon.
   113 | D        | Found an ornate altar of the Wu Jian Council.
   113 | D        | Found a deep blue altar of Sif Muna.
   113 | D        | Found a corrupted altar of Lugonu.
   113 | D        | Found a blossoming altar of Fedhas.
   114 | D        | Found a shimmering altar of Xom.
   114 | D        | Found a bloodstained altar of Trog.
   114 | D        | Found a burning altar of Makhleb.
   115 | D        | Found a glowing golden altar of the Shining One.
   115 | D        | Found a basalt altar of Yredelemnul.
   115 | D        | Found a hide-covered altar of Uskayaw.
   117 | D        | Found a glowing silver altar of Zin.
   117 | D        | Found a radiant altar of Vehumet.
   117 | D        | Found a sparkling altar of Nemelex Xobeh.
   118 | D        | Found an opulent altar of Gozag.
   118 | D        | Found an iron altar of Okawaru.
   126 | D        | Became a worshipper of Gozag Ym Sagoz the Greedy
   127 | D        | Noticed a flying skull
   128 | D        | Noticed a flying skull
   129 | D        | Noticed a flying skull
   185 | D        | Noticed a tyrant leech
   185 | D        | Noticed a tyrant leech
   192 | D        | Killed a tyrant leech
   192 | D        | Reached skill level 11 in Unarmed Combat
   192 | D        | Reached XP level 7. HP: 68/68 MP: 6/11
   203 | D        | Killed a tyrant leech
   313 | D        | Noticed a neqoxec
   313 | D        | Noticed a neqoxec
   313 | D        | Noticed a neqoxec
   313 | D        | Noticed a neqoxec
   321 | D        | Killed a neqoxec
   321 | D        | Reached skill level 12 in Unarmed Combat
   321 | D        | Reached XP level 8. HP: 66/78 MP: 12/14
   324 | D        | Reached skill level 5 in Spellcasting
   332 | D        | Gained mutation: Your body sometimes deteriorates upon taking damage. [a neqoxec]
   364 | D        | Reached skill level 13 in Unarmed Combat
   394 | D        | Bought the ring of Pimeilel {rF+ rC+ MR+ Dex+7} for 667 gold pieces
   528 | D        | Noticed a polar bear
   529 | D        | Noticed a hornet
   530 | D        | Noticed a polar bear
   531 | D        | Noticed a polar bear
   532 | D        | Noticed a yaktaur
   536 | D        | Killed a polar bear
   536 | D        | Reached skill level 5 in Fighting
   537 | D        | Killed a polar bear
   537 | D        | Reached XP level 9. HP: 85/88 MP: 6/16
   553 | D        | Noticed a death drake
   554 | D        | Killed a polar bear
   558 | D        | Killed a yaktaur
   558 | D        | Reached skill level 5 in Dodging
   571 | D        | Reached skill level 14 in Unarmed Combat
   639 | D        | Killed a death drake
   687 | D        | Noticed a kraken
   750 | D        | Noticed a death drake
   875 | D        | HP: 1/91 [poisoned by a death drake (dark miasma)]
   875 | D        | Mangled by a death drake

Skill      XL: |  1  2  3  4  5  6  7  8  9 |
---------------+----------------------------+-----
Fighting       | 3 5 7 |  7.6
Unarmed Combat | 6 8 10 11 12 13 14 | 14.5
Conjurations   | 2 4 |  4.3
Spellcasting   | 3 4 5 |  5.7
Translocations | 2 |  2.6
Fire Magic     | 2 |  2.3
Air Magic      | 2 |  2.1
Poison Magic   | 2 |  2.4
Dodging        | 3 6 |  6.2
Stealth        | |  1.0
Summonings     | |  0.6

Action                   |  1- 3 |  4- 6 |  7- 9 || total
-------------------------+-------+-------+-------++-------
Melee: Unarmed           |     4 |    21 |    64 ||    89
       Punch             |       |     1 |     6 ||     7
 Cast: Conjure Flame     |       |       |     3 ||     3
       Mephitic Cloud    |       |       |     4 ||     4
       Blink             |       |       |     2 ||     2
Invok: Call Merchant     |       |       |     1 ||     1
  Use: Potion            |     1 |     1 |     2 ||     4
 Stab: Sleeping          |       |       |     1 ||     1
  Eat: Ration            |       |       |     2 ||     2
Armor: Skin              |       |     1 |     9 ||    10
       Robe              |       |     1 |     5 ||     6
Dodge: Dodged            |     2 |     3 |    29 ||    34
